Workbook

Sheet PRICING SCHEDULE
B1: SUPPLY CHAIN MANAGEMENT
B2: Pricing schedule
A3: RFx No
A4: RFx Title | B4: The supply, delivery, installation, commissioning, testing, training, and support and maintenance managed services of an enterprise-integrated PACS, RIS, and VNA system with local PACS and RIS caches for healthcare facilities of the WCGHW for a contract period of sixty (60) months five (5 years) with option to extend. | H4: Instructions to completing the pricing Schedule:
A5: Bidder Name | H5: 1) The cells highlighted in yellow shall be updated by the Bidder where necessary. All other cells are locked. 2) The name of the Bidder must enter into cell B5. 3) The Bidder must indicate which currency pair was used in calculating the bid price by selecting the dropdown in range D13:D17. Please note only one currency pair should be selected. 4) The Bidder must enter the overall managed service fee per study incl VAT for Item 1 in Cell C20. 5) The Bidder must enter the % of the managed service fee per study, for item 1, which is dependant on the foreign rate of exchange as a % in Cell D20. 6) The Bidder must enter the overall managed service fee per study incl VAT for Item 2 in Cell C21. 7) The Bidder must enter the % of the managed service fee per study, for item 2, which is dependant on the foreign rate of exchange as a % in Cell D21. 8) The Bidder must enter the overall managed service fee per study incl VAT for Item 3 in Cell C22. 9) The Bidder must enter the % of the managed service fee per study, for item 3, which is dependant on the foreign rate of exchange as a % in Cell D22. 10) The overall bidders price based on the managed service fee per study and the committed study volumes will be automatically calculated in the pricing schedule and shown in Cell F182 for Item 1, F183 for Item 2, and F187 for Item 3. 11) Cost Breakdown: The Bidder must breakdown the overall total cost, for Item 1, by completing the table at A196:F264 and allocating the costs based on the headings provided. Additional lines have been provided if bidders want to add different descriptions. The totals as labelled A and B at E264 and F264 must equal each other for the pricing schedule to be valid. If they are diffrent an error message will display next to the totals. 12) Cost Breakdown: The Bidder must breakdown the overall total cost, for Item 2, by completing the table at A266:F323 and allocating the costs based on the headings provided. Additional lines have been provided if bidders want to add different descriptions. The totals as labelled C and D at E323 and F323 must equal each other for the pricing schedule to be valid. If they are diffrent an error message will display next to the totals. 13) Cost Breakdown: The Bidder must breakdown the overall total cost, for Item 3, by completing the table at A326:F390 and allocating the costs based on the headings provided. Additional lines have been provided if bidders want to add different descriptions. The totals as labelled E and F at E390 and F390 must equal each other for the pricing schedule to be valid. If they are diffrent an error message will display next to the totals. 14) Optional Items: Optional items costs can be added in the appropriate table A393:F462 for Items 1, 2 and 3.
A7: 1. INSTRUCTION FOR COMPLETING THE PRICING SCHEDULE
A8: (a) Bidder must complete/enter YELLOW cells only
A9: (b) Unit and Line prices must be VAT INCLUSIVE and in South African Rand (ZAR) currency.
A10: (c) The price must include all cost to deliver the goods or render the service, including all applicable taxes, duty fees, logistics/delivery, storage, labour, overtime and subsistence and travel
B12: Foreign currency | C12: South African Rand (ZAR) exchange rate
B13: 1 US Dollar | E13: Mark with an X, which ROE is applicable
B14: 1 Euro
B15: 1 Pound (UK)
B16: 1 Japanese yen
B17: 1 Chinese Yaun
C19: Managed Service Fee Per Study (Inc VAT) in South African Rand (ZAR) | D19: % of the Managed Service Fee Per Study which is dependent on the Foreign Rate of Exchange
A20: Item 1 | B20: Enterprise PACS-RIS-VNA including 10 x District/Regional Healthcare Facilities
A21: Item 2 | B21: On boarding The Primary Facilities
A22: Item 3 | B22: On boarding The Central Hospitals
D24: YEAR 1 | G24: YEAR 2 | J24: YEAR 3 | M24: YEAR 4 | P24: YEAR 5 | S24: TOTAL | T24: TOTAL
A25: Item No | B25: Product/Service description | C25: Unit of measure | D25: Minimum Committed Volume | E25: Unit Price (Inc VAT) | F25: Line Price Y1 (Inc VAT) | G25: Minimum Committed Volume | H25: Unit Price (Inc VAT) | I25: Line Price Y2 (Inc VAT) | J25: Minimum Committed Volume | K25: Unit Price (Inc VAT) | L25: Line Price Y3 (Inc VAT) | M25: Minimum Committed Volume | N25: Unit Price (Inc VAT) | O25: Line Price Y4 (Inc VAT) | P25: Qty | Q25: Unit Price (Inc VAT) | R25: Line Price Y5 (Inc VAT) | S25: Minimum Committed Volume | T25: Line Price Term (Inc VAT)
A26: 1 | B26: George Hospital | C26: Number of Studies per annum | D26: =VLOOKUP($B26,'PROCUDURE QUANTITY BASELINE'!$B$7:$J$17,4,FALSE) -> 36281.583 | E26: =$C$20 -> 0 | F26: =+D26*E26 -> 0 | G26: =VLOOKUP($B26,'PROCUDURE QUANTITY BASELINE'!$B$7:$J$17,5,FALSE) -> 63441 | H26: =$C$20 -> 0 | I26: =+G26*H26 -> 0 | J26: =VLOOKUP($B26,'PROCUDURE QUANTITY BASELINE'!$B$7:$J$17,6,FALSE) -> 64710 | K26: =$C$20 -> 0 | L26: =+J26*K26 -> 0 | M26: =VLOOKUP($B26,'PROCUDURE QUANTITY BASELINE'!$B$7:$J$17,7,FALSE) -> 66004 | N26: =$C$20 -> 0 | O26: =+M26*N26 -> 0 | P26: =VLOOKUP($B26,'PROCUDURE QUANTITY BASELINE'!$B$7:$J$17,8,FALSE) -> 67324 | Q26: =$C$20 -> 0 | R26: =+P26*Q26 -> 0 | S26: =P26+M26+J26+G26+D26 -> 297760.58 | T26: =R26+O26+L26+I26+F26 -> 0
B27: Karl Bremer Hospital | D27: =VLOOKUP($B27,'PROCUDURE QUANTITY BASELINE'!$B$7:$J$17,4,FALSE) -> 25426.25 | E27: =$C$20 -> 0 | F27: =+D27*E27 -> 0 | G27: =VLOOKUP($B27,'PROCUDURE QUANTITY BASELINE'!$B$7:$J$17,5,FALSE) -> 62243 | H27: =$C$20 -> 0 | I27: =+G27*H27 -> 0 | J27: =VLOOKUP($B27,'PROCUDURE QUANTITY BASELINE'!$B$7:$J$17,6,FALSE) -> 63488 | K27: =$C$20 -> 0 | L27: =+J27*K27 -> 0 | M27: =VLOOKUP($B27,'PROCUDURE QUANTITY BASELINE'!$B$7:$J$17,7,FALSE) -> 64758 | N27: =$C$20 -> 0 | O27: =+M27*N27 -> 0 | P27: =VLOOKUP($B27,'PROCUDURE QUANTITY BASELINE'!$B$7:$J$17,8,FALSE) -> 66053 | Q27: =$C$20 -> 0 | R27: =+P27*Q27 -> 0 | S27: =P27+M27+J27+G27+D27 -> 281968.25 | T27: =R27+O27+L27+I27+F27 -> 0
B28: Khayelitsha Hospital | D28: =VLOOKUP($B28,'PROCUDURE QUANTITY BASELINE'!$B$7:$J$17,4,FALSE) -> 30653.333 | E28: =$C$20 -> 0 | F28: =+D28*E28 -> 0 | G28: =VLOOKUP($B28,'PROCUDURE QUANTITY BASELINE'!$B$7:$J$17,5,FALSE) -> 75039 | H28: =$C$20 -> 0 | I28: =+G28*H28 -> 0 | J28: =VLOOKUP($B28,'PROCUDURE QUANTITY BASELINE'!$B$7:$J$17,6,FALSE) -> 76540 | K28: =$C$20 -> 0 | L28: =+J28*K28 -> 0 | M28: =VLOOKUP($B28,'PROCUDURE QUANTITY BASELINE'!$B$7:$J$17,7,FALSE) -> 78071 | N28: =$C$20 -> 0 | O28: =+M28*N28 -> 0 | P28: =VLOOKUP($B28,'PROCUDURE QUANTITY BASELINE'!$B$7:$J$17,8,FALSE) -> 79632 | Q28: =$C$20 -> 0 | R28: =+P28*Q28 -> 0 | S28: =P28+M28+J28+G28+D28 -> 339935.33 | T28: =R28+O28+L28+I28+F28 -> 0
B29: Knysna Hospital | D29: =VLOOKUP($B29,'PROCUDURE QUANTITY BASELINE'!$B$7:$J$17,4,FALSE) -> 9594.6667 | E29: =$C$20 -> 0 | F29: =+D29*E29 -> 0 | G29: =VLOOKUP($B29,'PROCUDURE QUANTITY BASELINE'!$B$7:$J$17,5,FALSE) -> 16777 | H29: =$C$20 -> 0 | I29: =+G29*H29 -> 0 | J29: =VLOOKUP($B29,'PROCUDURE QUANTITY BASELINE'!$B$7:$J$17,6,FALSE) -> 17113 | K29: =$C$20 -> 0 | L29: =+J29*K29 -> 0 | M29: =VLOOKUP($B29,'PROCUDURE QUANTITY BASELINE'!$B$7:$J$17,7,FALSE) -> 17455 | N29: =$C$20 -> 0 | O29: =+M29*N29 -> 0 | P29: =VLOOKUP($B29,'PROCUDURE QUANTITY BASELINE'!$B$7:$J$17,8,FALSE) -> 17804 | Q29: =$C$20 -> 0 | R29: =+P29*Q29 -> 0 | S29: =P29+M29+J29+G29+D29 -> 78743.667 | T29: =R29+O29+L29+I29+F29 -> 0
B30: Mitchell’s Plain Hospital | D30: =VLOOKUP($B30,'PROCUDURE QUANTITY BASELINE'!$B$7:$J$17,4,FALSE) -> 30679.583 | E30: =$C$20 -> 0 | F30: =+D30*E30 -> 0 | G30: =VLOOKUP($B30,'PROCUDURE QUANTITY BASELINE'!$B$7:$J$17,5,FALSE) -> 75104 | H30: =$C$20 -> 0 | I30: =+G30*H30 -> 0 | J30: =VLOOKUP($B30,'PROCUDURE QUANTITY BASELINE'!$B$7:$J$17,6,FALSE) -> 76606 | K30: =$C$20 -> 0 | L30: =+J30*K30 -> 0 | M30: =VLOOKUP($B30,'PROCUDURE QUANTITY BASELINE'!$B$7:$J$17,7,FALSE) -> 78138 | N30: =$C$20 -> 0 | O30: =+M30*N30 -> 0 | P30: =VLOOKUP($B30,'PROCUDURE QUANTITY BASELINE'!$B$7:$J$17,8,FALSE) -> 79701 | Q30: =$C$20 -> 0 | R30: =+P30*Q30 -> 0 | S30: =P30+M30+J30+G30+D30 -> 340228.58 | T30: =R30+O30+L30+I30+F30 -> 0
B31: New Somerset Hospital | D31: =VLOOKUP($B31,'PROCUDURE QUANTITY BASELINE'!$B$7:$J$17,4,FALSE) -> 15464 | E31: =$C$20 -> 0 | F31: =+D31*E31 -> 0 | G31: =VLOOKUP($B31,'PROCUDURE QUANTITY BASELINE'!$B$7:$J$17,5,FALSE) -> 47320 | H31: =$C$20 -> 0 | I31: =+G31*H31 -> 0 | J31: =VLOOKUP($B31,'PROCUDURE QUANTITY BASELINE'!$B$7:$J$17,6,FALSE) -> 48266 | K31: =$C$20 -> 0 | L31: =+J31*K31 -> 0 | M31: =VLOOKUP($B31,'PROCUDURE QUANTITY BASELINE'!$B$7:$J$17,7,FALSE) -> 49231 | N31: =$C$20 -> 0 | O31: =+M31*N31 -> 0 | P31: =VLOOKUP($B31,'PROCUDURE QUANTITY BASELINE'!$B$7:$J$17,8,FALSE) -> 50216 | Q31: =$C$20 -> 0 | R31: =+P31*Q31 -> 0 | S31: =P31+M31+J31+G31+D31 -> 210497 | T31: =R31+O31+L31+I31+F31 -> 0
B32: Paarl Hospital | D32: =VLOOKUP($B32,'PROCUDURE QUANTITY BASELINE'!$B$7:$J$17,4,FALSE) -> 37290.5 | E32: =$C$20 -> 0 | F32: =+D32*E32 -> 0 | G32: =VLOOKUP($B32,'PROCUDURE QUANTITY BASELINE'!$B$7:$J$17,5,FALSE) -> 76073 | H32: =$C$20 -> 0 | I32: =+G32*H32 -> 0 | J32: =VLOOKUP($B32,'PROCUDURE QUANTITY BASELINE'!$B$7:$J$17,6,FALSE) -> 77594 | K32: =$C$20 -> 0 | L32: =+J32*K32 -> 0 | M32: =VLOOKUP($B32,'PROCUDURE QUANTITY BASELINE'!$B$7:$J$17,7,FALSE) -> 79146 | N32: =$C$20 -> 0 | O32: =+M32*N32 -> 0 | P32: =VLOOKUP($B32,'PROCUDURE QUANTITY BASELINE'!$B$7:$J$17,8,FALSE) -> 80729 | Q32: =$C$20 -> 0 | R32: =+P32*Q32 -> 0 | S32: =P32+M32+J32+G32+D32 -> 350832.5 | T32: =R32+O32+L32+I32+F32 -> 0
B33: Victoria Hospital | D33: =VLOOKUP($B33,'PROCUDURE QUANTITY BASELINE'!$B$7:$J$17,4,FALSE) -> 19594.583 | E33: =$C$20 -> 0 | F33: =+D33*E33 -> 0 | G33: =VLOOKUP($B33,'PROCUDURE QUANTITY BASELINE'!$B$7:$J$17,5,FALSE) -> 47968 | H33: =$C$20 -> 0 | I33: =+G33*H33 -> 0 | J33: =VLOOKUP($B33,'PROCUDURE QUANTITY BASELINE'!$B$7:$J$17,6,FALSE) -> 48927 | K33: =$C$20 -> 0 | L33: =+J33*K33 -> 0 | M33: =VLOOKUP($B33,'PROCUDURE QUANTITY BASELINE'!$B$7:$J$17,7,FALSE) -> 49906 | N33: =$C$20 -> 0 | O33: =+M33*N33 -> 0 | P33: =VLOOKUP($B33,'PROCUDURE QUANTITY BASELINE'!$B$7:$J$17,8,FALSE) -> 50904 | Q33: =$C$20 -> 0 | R33: =+P33*Q33 -> 0 | S33: =P33+M33+J33+G33+D33 -> 217299.58 | T33: =R33+O33+L33+I33+F33 -> 0
B34: Worcester Hospital | D34: =VLOOKUP($B34,'PROCUDURE QUANTITY BASELINE'!$B$7:$J$17,4,FALSE) -> 31711.5 | E34: =$C$20 -> 0 | F34: =+D34*E34 -> 0 | G34: =VLOOKUP($B34,'PROCUDURE QUANTITY BASELINE'!$B$7:$J$17,5,FALSE) -> 64691 | H34: =$C$20 -> 0 | I34: =+G34*H34 -> 0 | J34: =VLOOKUP($B34,'PROCUDURE QUANTITY BASELINE'!$B$7:$J$17,6,FALSE) -> 65985 | K34: =$C$20 -> 0 | L34: =+J34*K34 -> 0 | M34: =VLOOKUP($B34,'PROCUDURE QUANTITY BASELINE'!$B$7:$J$17,7,FALSE) -> 67305 | N34: =$C$20 -> 0 | O34: =+M34*N34 -> 0 | P34: =VLOOKUP($B34,'PROCUDURE QUANTITY BASELINE'!$B$7:$J$17,8,FALSE) -> 68651 | Q34: =$C$20 -> 0 | R34: =+P34*Q34 -> 0 | S34: =P34+M34+J34+G34+D34 -> 298343.5 | T34: =R34+O34+L34+I34+F34 -> 0
B35: Brewelskloof Hospital | D35: =VLOOKUP($B35,'PROCUDURE QUANTITY BASELINE'!$B$7:$J$17,4,FALSE) -> 688.33333 | E35: =$C$20 -> 0 | F35: =+D35*E35 -> 0 | G35: =VLOOKUP($B35,'PROCUDURE QUANTITY BASELINE'!$B$7:$J$17,5,FALSE) -> 2106 | H35: =$C$20 -> 0 | I35: =+G35*H35 -> 0 | J35: =VLOOKUP($B35,'PROCUDURE QUANTITY BASELINE'!$B$7:$J$17,6,FALSE) -> 2148 | K35: =$C$20 -> 0 | L35: =+J35*K35 -> 0 | M35: =VLOOKUP($B35,'PROCUDURE QUANTITY BASELINE'!$B$7:$J$17,7,FALSE) -> 2191 | N35: =$C$20 -> 0 | O35: =+M35*N35 -> 0 | P35: =VLOOKUP($B35,'PROCUDURE QUANTITY BASELINE'!$B$7:$J$17,8,FALSE) -> 2235 | Q35: =$C$20 -> 0 | R35: =+P35*Q35 -> 0 | S35: =P35+M35+J35+G35+D35 -> 9368.3333 | T35: =R35+O35+L35+I35+F35 -> 0
B36: Costing must include a full managed service contract covering the supply, deliver, installation, commissioning, testing, training, and maintaining the following environments and noted criteria.
B37: PACS-RIS-VNA Enterprise Production Environment with Business Continuity solution.
B38: PACS-RIS-VNA Enterprise Staging Environment
B39: PACS-RIS-VNA Enterprise Data Mining/ Business Intelligence Environment
B40: PACS-RIS-VNA Enterprise Disaster Recovery Environment
B41: PACS-RIS-VNA Enterprise Storage Capacity for all data migrated and ingested data, for the Regional/District facilities, for the duration of the contract.
B42: Data migration of all legacy RIS and DICOM data from all the facilities.
B43: PACS-RIS-VNA enterprise architecture designed with a 99.9% guaranteed uptime
B44: Data migration of all legacy RIS and DICOM data from all the facilities.
B45: PACS-RIS-VNA Enterprise managed service, maintenance, and replacement, if defective, for all supplied hardware, networking devices, and UPS devices.
B46: PACS-RIS-VNA Enterprise managed service for all supplied software, including hypervisor, operating systems, databases, and applications including all upgrades, updates or new versions released by the OSM during the Contract.
B47: Facility onsite PACS-RIS Cache with high availability and 99.9% guaranteed uptime
... B59: The configuration and connection of existing modalities or other DICOM devices to the solution.
B61: Item 1 Total (Incl Vat) | D61: =SUM(D26:D35) -> 237384.33 | E61: =$C$20 -> 0 | F61: =SUM(F26:F35) -> 0 | G61: =SUM(G26:G35) -> 530762 | H61: =$C$20 -> 0 | I61: =SUM(I26:I35) -> 0 | J61: =SUM(J26:J35) -> 541377 | K61: =$C$20 -> 0 | L61: =SUM(L26:L35) -> 0 | M61: =SUM(M26:M35) -> 552205 | N61: =$C$20 -> 0 | O61: =SUM(O26:O35) -> 0 | P61: =SUM(P26:P35) -> 563249 | Q61: =$C$20 -> 0 | R61: =SUM(R26:R35) -> 0 | S61: =SUM(S26:S35) -> 2424977.3 | T61: =SUM(T26:T35) -> 0
D64: YEAR 1 | G64: YEAR 2 | J64: YEAR 3 | M64: YEAR 4 | P64: YEAR 5 | S64: TOTAL | T64: TOTAL
A65: Item No | B65: Product/Service description | C65: Unit of measure | D65: Minimum Committed Volume | E65: Unit Price (Inc VAT) | F65: Line Price Y1 (Inc VAT) | G65: Minimum Committed Volume | H65: Unit Price (Inc VAT) | I65: Line Price Y2 (Inc VAT) | J65: Minimum Committed Volume | K65: Unit Price (Inc VAT) | L65: Line Price Y3 (Inc VAT) | M65: Minimum Committed Volume | N65: Unit Price (Inc VAT) | O65: Line Price Y4 (Inc VAT) | P65: Qty | Q65: Unit Price (Inc VAT) | R65: Line Price Y5 (Inc VAT) | S65: Minimum Committed Volume | T65: Line Price Term (Inc VAT)
A66: 2 | B66: Alan Blyth Hospital | C66: Number of Studies per annum | D66: NA | E66: NA | F66: NA | G66: NA | H66: NA | I66: NA | J66: ='PROCUDURE QUANTITY BASELINE'!G24 -> 4529 | K66: =$C$21 -> 0 | L66: =+J66*K66 -> 0 | M66: ='PROCUDURE QUANTITY BASELINE'!H24 -> 4620 | N66: =$C$21 -> 0 | O66: =+M66*N66 -> 0 | P66: ='PROCUDURE QUANTITY BASELINE'!I24 -> 4712 | Q66: =$C$21 -> 0 | R66: =+P66*Q66 -> 0 | S66: =J66+M66+P66 -> 13861 | T66: =L66+O66+R66 -> 0
B67: Beaufort West Hospital | D67: NA | E67: NA | F67: NA | G67: NA | H67: NA | I67: NA | J67: ='PROCUDURE QUANTITY BASELINE'!G25 -> 16845 | K67: =$C$21 -> 0 | L67: =+J67*K67 -> 0 | M67: ='PROCUDURE QUANTITY BASELINE'!H25 -> 17182 | N67: =$C$21 -> 0 | O67: =+M67*N67 -> 0 | P67: ='PROCUDURE QUANTITY BASELINE'!I25 -> 17526 | Q67: =$C$21 -> 0 | R67: =+P67*Q67 -> 0 | S67: =J67+M67+P67 -> 51553 | T67: =L67+O67+R67 -> 0
B68: Bellville South CDC | D68: NA | E68: NA | F68: NA | G68: NA | H68: NA | I68: NA | J68: ='PROCUDURE QUANTITY BASELINE'!G26 -> 2041 | K68: =$C$21 -> 0 | L68: =+J68*K68 -> 0 | M68: ='PROCUDURE QUANTITY BASELINE'!H26 -> 2082 | N68: =$C$21 -> 0 | O68: =+M68*N68 -> 0 | P68: ='PROCUDURE QUANTITY BASELINE'!I26 -> 2124 | Q68: =$C$21 -> 0 | R68: =+P68*Q68 -> 0 | S68: =J68+M68+P68 -> 6247 | T68: =L68+O68+R68 -> 0
B69: Bishop Lavis CDC | D69: NA | E69: NA | F69: NA | G69: NA | H69: NA | I69: NA | J69: ='PROCUDURE QUANTITY BASELINE'!G27 -> 9190 | K69: =$C$21 -> 0 | L69: =+J69*K69 -> 0 | M69: ='PROCUDURE QUANTITY BASELINE'!H27 -> 9374 | N69: =$C$21 -> 0 | O69: =+M69*N69 -> 0 | P69: ='PROCUDURE QUANTITY BASELINE'!I27 -> 9561 | Q69: =$C$21 -> 0 | R69: =+P69*Q69 -> 0 | S69: =J69+M69+P69 -> 28125 | T69: =L69+O69+R69 -> 0
B70: Brackengate Intermediate Care Facility | D70: NA | E70: NA | F70: NA | G70: NA | H70: NA | I70: NA | J70: ='PROCUDURE QUANTITY BASELINE'!G28 -> 175 | K70: =$C$21 -> 0 | L70: =+J70*K70 -> 0 | M70: ='PROCUDURE QUANTITY BASELINE'!H28 -> 179 | N70: =$C$21 -> 0 | O70: =+M70*N70 -> 0 | P70: ='PROCUDURE QUANTITY BASELINE'!I28 -> 183 | Q70: =$C$21 -> 0 | R70: =+P70*Q70 -> 0 | S70: =J70+M70+P70 -> 537 | T70: =L70+O70+R70 -> 0
B71: Brooklyn Chest Hospital | D71: NA | E71: NA | F71: NA | G71: NA | H71: NA | I71: NA | J71: ='PROCUDURE QUANTITY BASELINE'!G29 -> 2039 | K71: =$C$21 -> 0 | L71: =+J71*K71 -> 0 | M71: ='PROCUDURE QUANTITY BASELINE'!H29 -> 2080 | N71: =$C$21 -> 0 | O71: =+M71*N71 -> 0 | P71: ='PROCUDURE QUANTITY BASELINE'!I29 -> 2122 | Q71: =$C$21 -> 0 | R71: =+P71*Q71 -> 0 | S71: =J71+M71+P71 -> 6241 | T71: =L71+O71+R71 -> 0
B72: Caledon Hospital | D72: NA | E72: NA | F72: NA | G72: NA | H72: NA | I72: NA | J72: ='PROCUDURE QUANTITY BASELINE'!G30 -> 11999 | K72: =$C$21 -> 0 | L72: =+J72*K72 -> 0 | M72: ='PROCUDURE QUANTITY BASELINE'!H30 -> 12239 | N72: =$C$21 -> 0 | O72: =+M72*N72 -> 0 | P72: ='PROCUDURE QUANTITY BASELINE'!I30 -> 12484 | Q72: =$C$21 -> 0 | R72: =+P72*Q72 -> 0 | S72: =J72+M72+P72 -> 36722 | T72: =L72+O72+R72 -> 0
B73: Ceres Hospital | D73: NA | E73: NA | F73: NA | G73: NA | H73: NA | I73: NA | J73: ='PROCUDURE QUANTITY BASELINE'!G31 -> 16398 | K73: =$C$21 -> 0 | L73: =+J73*K73 -> 0 | M73: ='PROCUDURE QUANTITY BASELINE'!H31 -> 16726 | N73: =$C$21 -> 0 | O73: =+M73*N73 -> 0 | P73: ='PROCUDURE QUANTITY BASELINE'!I31 -> 17061 | Q73: =$C$21 -> 0 | R73: =+P73*Q73 -> 0 | S73: =J73+M73+P73 -> 50185 | T73: =L73+O73+R73 -> 0
B74: Citrusdal Hospital | D74: NA | E74: NA | F74: NA | G74: NA | H74: NA | I74: NA | J74: ='PROCUDURE QUANTITY BASELINE'!G32 -> 2499 | K74: =$C$21 -> 0 | L74: =+J74*K74 -> 0 | M74: ='PROCUDURE QUANTITY BASELINE'!H32 -> 2549 | N74: =$C$21 -> 0 | O74: =+M74*N74 -> 0 | P74: ='PROCUDURE QUANTITY BASELINE'!I32 -> 2600 | Q74: =$C$21 -> 0 | R74: =+P74*Q74 -> 0 | S74: =J74+M74+P74 -> 7648 | T74: =L74+O74+R74 -> 0
B75: Clanwilliam Hospital | D75: NA | E75: NA | F75: NA | G75: NA | H75: NA | I75: NA | J75: ='PROCUDURE QUANTITY BASELINE'!G33 -> 4997 | K75: =$C$21 -> 0 | L75: =+J75*K75 -> 0 | M75: ='PROCUDURE QUANTITY BASELINE'!H33 -> 5097 | N75: =$C$21 -> 0 | O75: =+M75*N75 -> 0 | P75: ='PROCUDURE QUANTITY BASELINE'!I33 -> 5199 | Q75: =$C$21 -> 0 | R75: =+P75*Q75 -> 0 | S75: =J75+M75+P75 -> 15293 | T75: =L75+O75+R75 -> 0
B76: Crossroads CDC | D76: NA | E76: NA | F76: NA | G76: NA | H76: NA | I76: NA | J76: ='PROCUDURE QUANTITY BASELINE'!G34 -> 1492 | K76: =$C$21 -> 0 | L76: =+J76*K76 -> 0 | M76: ='PROCUDURE QUANTITY BASELINE'!H34 -> 1522 | N76: =$C$21 -> 0 | O76: =+M76*N76 -> 0 | P76: ='PROCUDURE QUANTITY BASELINE'!I34 -> 1552 | Q76: =$C$21 -> 0 | R76: =+P76*Q76 -> 0 | S76: =J76+M76+P76 -> 4566 | T76: =L76+O76+R76 -> 0
B77: Delft CHC | D77: NA | E77: NA | F77: NA | G77: NA | H77: NA | I77: NA | J77: ='PROCUDURE QUANTITY BASELINE'!G35 -> 23005 | K77: =$C$21 -> 0 | L77: =+J77*K77 -> 0 | M77: ='PROCUDURE QUANTITY BASELINE'!H35 -> 23465 | N77: =$C$21 -> 0 | O77: =+M77*N77 -> 0 | P77: ='PROCUDURE QUANTITY BASELINE'!I35 -> 23934 | Q77: =$C$21 -> 0 | R77: =+P77*Q77 -> 0 | S77: =J77+M77+P77 -> 70404 | T77: =L77+O77+R77 -> 0
B78: District Six Hospital | D78: NA | E78: NA | F78: NA | G78: NA | H78: NA | I78: NA | J78: ='PROCUDURE QUANTITY BASELINE'!G36 -> 8482 | K78: =$C$21 -> 0 | L78: =+J78*K78 -> 0 | M78: ='PROCUDURE QUANTITY BASELINE'!H36 -> 8652 | N78: =$C$21 -> 0 | O78: =+M78*N78 -> 0 | P78: ='PROCUDURE QUANTITY BASELINE'!I36 -> 8825 | Q78: =$C$21 -> 0 | R78: =+P78*Q78 -> 0 | S78: =J78+M78+P78 -> 25959 | T78: =L78+O78+R78 -> 0
... B127: Western Cape Rehabilitation Centre | D127: NA | E127: NA | F127: NA | G127: NA | H127: NA | I127: NA | J127: ='PROCUDURE QUANTITY BASELINE'!G85 -> 1330 | K127: =$C$21 -> 0 | L127: =+J127*K127 -> 0 | M127: ='PROCUDURE QUANTITY BASELINE'!H85 -> 1357 | N127: =$C$21 -> 0 | O127: =+M127*N127 -> 0 | P127: ='PROCUDURE QUANTITY BASELINE'!I85 -> 1384 | Q127: =$C$21 -> 0 | R127: =+P127*Q127 -> 0 | S127: =J127+M127+P127 -> 4071 | T127: =L127+O127+R127 -> 0
B128: Costing must include a full managed service contract covering the supply, deliver, installation, commissioning, testing, training, and maintaining the following environments and noted criteria.
B129: Onboarding the primary healthcare facilities to the PACS-RIS-VNA Enterprise Production Environment with Business Continuity solution.
B130: Onboarding the primary healthcare facilities to the PACS-RIS-VNA Enterprise Data Mining/ Business Intelligence Environment.
B131: Onboarding the primary healthcare facilities, expanding the storage capacity of the solution to cater for the addition of the primary healthcare facilities, for the remainder of the contract.
B132: Onboarding the primary healthcare facilities to the PACS-RIS-VNA Enterprise Disaster Recovery Environment for the remainder of the contract.
B133: PACS-RIS architecture designed with a 99.9% guaranteed uptime
B134: PACS-RIS Enterprise managed service, maintenance, and replacement, if defective, for all supplied hardware, 3rd-party hardware, networking devices, and UPS devices.
B135: PACS-RIS Enterprise managed service for all supplied software, including hypervisor, operating systems, databases, and applications including all upgrades, updates or new versions released by the OSM during the contract.
B136: Web based access and configuration to RIS functionality.
B137: Facility onsite PACS Cache with storage capacity for 1 years data onsite.
B138: 66 X Set D-diagnostic Workstations
B139: 62 x Document scanners
... B143: The configuration and connection of existing modalities to the solution.
B145: Items 2 Total (Incl Vat) | D145: NA | E145: NA | F145: NA | G145: NA | H145: NA | I145: NA | J145: =SUM(J66:J127) -> 673322 | K145: =$C$21 -> 0 | L145: =SUM(L66:L119) -> 0 | M145: =SUM(M66:M127) -> 686793 | N145: =$C$21 -> 0 | O145: =SUM(O66:O119) -> 0 | P145: =SUM(P66:P127) -> 700528 | Q145: =$C$21 -> 0 | R145: =SUM(R66:R119) -> 0 | S145: =SUM(S66:S127) -> 2060643 | T145: =SUM(T66:T119) -> 0
D147: YEAR 1 | G147: YEAR 2 | J147: YEAR 3 | M147: YEAR 4 | P147: YEAR 5 | S147: TOTAL | T147: TOTAL
A148: Item No | B148: Product/Service description | C148: Unit of measure | D148: Minimum Committed Volume | E148: Unit Price (Inc VAT) | F148: Line Price Y1 (Inc VAT) | G148: Minimum Committed Volume | H148: Unit Price (Inc VAT) | I148: Line Price Y2 (Inc VAT) | J148: Minimum Committed Volume | K148: Unit Price (Inc VAT) | L148: Line Price Y3 (Inc VAT) | M148: Minimum Committed Volume | N148: Unit Price (Inc VAT) | O148: Line Price Y4 (Inc VAT) | P148: Qty | Q148: Unit Price (Inc VAT) | R148: Line Price Y5 (Inc VAT) | S148: Minimum Committed Volume | T148: Line Price Term (Inc VAT)
A149: 3 | B149: Groote Schuur Hospital | C149: Number of Studies per annum | D149: =VLOOKUP($B149,'PROCUDURE QUANTITY BASELINE'!$B$90:$I$93,4,FALSE) -> 166402 | E149: =$C$22 -> 0 | F149: =+D149*E149 -> 0 | G149: =VLOOKUP($B149,'PROCUDURE QUANTITY BASELINE'!$B$90:$I$93,5,FALSE) -> 169730 | H149: =$C$22 -> 0 | I149: =+G149*H149 -> 0 | J149: =VLOOKUP($B149,'PROCUDURE QUANTITY BASELINE'!$B$90:$I$93,6,FALSE) -> 173125 | K149: =$C$22 -> 0 | L149: =+J149*K149 -> 0 | M149: =VLOOKUP($B149,'PROCUDURE QUANTITY BASELINE'!$B$90:$I$93,7,FALSE) -> 176588 | N149: =$C$22 -> 0 | O149: =+M149*N149 -> 0 | P149: =VLOOKUP($B149,'PROCUDURE QUANTITY BASELINE'!$B$90:$I$93,8,FALSE) -> 180120 | Q149: =$C$22 -> 0 | R149: =+P149*Q149 -> 0 | S149: =P149+M149+J149+G149+D149 -> 865965 | T149: =R149+O149+L149+I149+F149 -> 0
B150: Red Cross War Memorial Children's Hospital | D150: =VLOOKUP($B150,'PROCUDURE QUANTITY BASELINE'!$B$90:$I$93,4,FALSE) -> 32696 | E150: =$C$22 -> 0 | F150: =+D150*E150 -> 0 | G150: =VLOOKUP($B150,'PROCUDURE QUANTITY BASELINE'!$B$90:$I$93,5,FALSE) -> 33350 | H150: =$C$22 -> 0 | I150: =+G150*H150 -> 0 | J150: =VLOOKUP($B150,'PROCUDURE QUANTITY BASELINE'!$B$90:$I$93,6,FALSE) -> 34017 | K150: =$C$22 -> 0 | L150: =+J150*K150 -> 0 | M150: =VLOOKUP($B150,'PROCUDURE QUANTITY BASELINE'!$B$90:$I$93,7,FALSE) -> 34697 | N150: =$C$22 -> 0 | O150: =+M150*N150 -> 0 | P150: =VLOOKUP($B150,'PROCUDURE QUANTITY BASELINE'!$B$90:$I$93,8,FALSE) -> 35391 | Q150: =$C$22 -> 0 | R150: =+P150*Q150 -> 0 | S150: =P150+M150+J150+G150+D150 -> 170151 | T150: =R150+O150+L150+I150+F150 -> 0
B151: Tygerberg Hospital | D151: =VLOOKUP($B151,'PROCUDURE QUANTITY BASELINE'!$B$90:$I$93,4,FALSE) -> 174217 | E151: =$C$22 -> 0 | F151: =+D151*E151 -> 0 | G151: =VLOOKUP($B151,'PROCUDURE QUANTITY BASELINE'!$B$90:$I$93,5,FALSE) -> 177701 | H151: =$C$22 -> 0 | I151: =+G151*H151 -> 0 | J151: =VLOOKUP($B151,'PROCUDURE QUANTITY BASELINE'!$B$90:$I$93,6,FALSE) -> 181255 | K151: =$C$22 -> 0 | L151: =+J151*K151 -> 0 | M151: =VLOOKUP($B151,'PROCUDURE QUANTITY BASELINE'!$B$90:$I$93,7,FALSE) -> 184880 | N151: =$C$22 -> 0 | O151: =+M151*N151 -> 0 | P151: =VLOOKUP($B151,'PROCUDURE QUANTITY BASELINE'!$B$90:$I$93,8,FALSE) -> 188578 | Q151: =$C$22 -> 0 | R151: =+P151*Q151 -> 0 | S151: =P151+M151+J151+G151+D151 -> 906631 | T151: =R151+O151+L151+I151+F151 -> 0
B152: Costing must include a full managed service contract covering the supply, deliver, installation, commissioning, testing, training, and maintaining the following environments and noted criteria.
B153: Onboarding the Central facilities to the PACS-RIS-VNA Enterprise Production Environment with Business Continuity solution.
B154: Onboarding the Central facilities to the PACS-RIS-VNA Enterprise Data Mining/ Business Intelligence Environment.
B155: Onboarding the central facilities to the PACS-RIS-VNA Enterprise Disaster Recovery Environment
B156: Onboarding the central facilities the expansion of the PACS-RIS-VNA Enterprise Storage Capacity to accommodate all data migrated and ingested from the Central Facilities.
B157: Data migration of all legacy RIS and DICOM data from all central facilities.
B158: Facility onsite PACS-RIS Cache with high availability and 99.9% guaranteed uptime
B159: PACS-RIS Enterprise managed service, maintenance, and replacement, if defective, for all supplied hardware, 3rd-party hardware, networking devices, and UPS devices.
B160: PACS-RIS Enterprise managed service for all supplied software, including hypervisor, operating systems, databases, and applications including all upgrades, updates or new versions released by the OSM during the contract.
B161: Facility onsite cache storage capacity for 3 years data onsite.
B162: Unlimited user license model for PACS-RIS-VNA functions.
B163: Facility onsite PACS-RIS Cache with High availability and 99.9% guaranteed uptime
... B172: The configuration and connection of existing modalities to the solution.
B174: Item 3 Total (Incl Vat) | D174: =SUM(D149:D151) -> 373315 | E174: =$C$22 -> 0 | F174: =SUM(F149:F151) -> 0 | G174: =SUM(G149:G151) -> 380781 | H174: =$C$22 -> 0 | I174: =SUM(I149:I151) -> 0 | J174: =SUM(J149:J151) -> 388397 | K174: =$C$22 -> 0 | L174: =SUM(L149:L151) -> 0 | M174: =SUM(M149:M151) -> 396165 | N174: =$C$22 -> 0 | O174: =SUM(O149:O151) -> 0 | P174: =SUM(P149:P151) -> 404089 | Q174: =$C$22 -> 0 | R174: =SUM(R149:R151) -> 0 | S174: =SUM(S149:S151) -> 1942747 | T174: =SUM(T149:T151) -> 0
B176: SUB-Total Item 1 (Inc Vat) | D176: =D61 -> 237384.33 | E176: =E61 -> 0 | F176: =F61 -> 0 | G176: =G61 -> 530762 | H176: =H61 -> 0 | I176: =I61 -> 0 | J176: =J61 -> 541377 | K176: =K61 -> 0 | ... R176: =R61 -> 0 | S176: =$S$61 -> 2424977.3 | T176: =R176+O176+L176+I176+F176 -> 0
B177: SUB-Total Item 2 (Inc Vat) | D177: =D145 -> NA | E177: =E145 -> NA | F177: =F145 -> NA | G177: =G145 -> NA | H177: =H145 -> NA | I177: =I145 -> NA | J177: =J145 -> 673322 | K177: =K145 -> 0 | ... T177: =T145 -> 0
B178: SUB-Total Item 3 (Inc Vat) | D178: =D174 -> 373315 | E178: =E174 -> 0 | F178: =F174 -> 0 | G178: =G174 -> 380781 | H178: =H174 -> 0 | I178: =I174 -> 0 | J178: =J174 -> 388397 | K178: =K174 -> 0 | ... T178: =T174 -> 0
B179: Total (Incl Vat) | D179: =SUM(D176:D178) -> 610699.33 | F179: =SUM(F176:F178) -> 0 | G179: =SUM(G176:G178) -> 911543 | I179: =SUM(I176:I178) -> 0 | J179: =SUM(J176:J178) -> 1603096 | L179: =SUM(L176:L178) -> 0 | M179: =SUM(M176:M178) -> 1635163 | O179: =SUM(O176:O178) -> 0 | P179: =SUM(P176:P178) -> 1667866 | R179: =SUM(R176:R178) -> 0 | S179: =SUM(S176:S178) -> 6428367.3 | T179: =SUM(T176:T178) -> 0
B181: Total Commitment to Managed Fee Per Study Contract | D181: Minimum Committed Volume | E181: Unit Price (Inc VAT) | F181: Total Item Price for Full Term (Inc VAT)
B182: Item 1 | D182: =$S$176 -> 2424977.3 | E182: =$C$20 -> 0 | F182: =ROUNDUP(T176,2) -> 0 | G182: Value B as noted in pricing breakdown in Cell F263
...

Sheet PROCUDURE QUANTITY BASELINE
B1: SUPPLY CHAIN MANAGEMENT
B2: Pricing schedule
A4: RFx Title | B4: The supply, delivery, installation, commissioning, testing, training, and support and maintenance managed services of an enterprise-integrated PACS, RIS, and VNA system with local PACS and RIS caches for healthcare facilities of the WCGHW for a contract period of sixty (60) months five (5 years) with option to extend.
E5: Bid Period
E6: Year 1 | F6: Year 2 | G6: Year 3 | H6: Year 4 | I6: Year 5
B7: Enterprise PACS-RIS-VNA including 10 x District/Regional Healthcare Facilities | C7: Studies 2022 | D7: Studies 2023 | E7: Studies 2024 | F7: Studies 2025 | G7: Studies 2026 | H7: Studies 2027 | I7: Studies 2028 | J7: Bid period totals
A8: 1 | B8: George Hospital | C8: 54444 | D8: =ROUND(C8*1.02,0) -> 55533 | E8: =ROUND(D8*1.12,0)*(12-5)/12 -> 36281.583 | F8: 63441 | G8: =ROUND(F8*1.02,0) -> 64710 | H8: =ROUND(G8*1.02,0) -> 66004 | I8: =ROUND(H8*1.02,0) -> 67324 | J8: =SUM(E8:I8) -> 297760.58
A9: 2 | B9: Karl Bremer Hospital | C9: 53417 | D9: =ROUND(C9*1.02,0) -> 54485 | E9: =ROUND(D9*1.12,0)*(12-7)/12 -> 25426.25 | F9: 62243 | G9: =ROUND(F9*1.02,0) -> 63488 | H9: =ROUND(G9*1.02,0) -> 64758 | I9: =ROUND(H9*1.02,0) -> 66053 | J9: =SUM(E9:I9) -> 281968.25
A10: 3 | B10: Khayelitsha Hospital | C10: 64398 | D10: =ROUND(C10*1.02,0) -> 65686 | E10: =ROUND(D10*1.12,0)*(12-7)/12 -> 30653.333 | F10: 75039 | G10: =ROUND(F10*1.02,0) -> 76540 | H10: =ROUND(G10*1.02,0) -> 78071 | I10: =ROUND(H10*1.02,0) -> 79632 | J10: =SUM(E10:I10) -> 339935.33
A11: 4 | B11: Knysna Hospital | C11: 14398 | D11: =ROUND(C11*1.02,0) -> 14686 | E11: =ROUND(D11*1.12,0)*(12-5)/12 -> 9594.6667 | F11: 16777 | G11: =ROUND(F11*1.02,0) -> 17113 | H11: =ROUND(G11*1.02,0) -> 17455 | I11: =ROUND(H11*1.02,0) -> 17804 | J11: =SUM(E11:I11) -> 78743.667
A12: 5 | B12: Mitchell’s Plain Hospital | C12: 64453 | D12: =ROUND(C12*1.02,0) -> 65742 | E12: =ROUND(D12*1.12,0)*(12-7)/12 -> 30679.583 | F12: 75104 | G12: =ROUND(F12*1.02,0) -> 76606 | H12: =ROUND(G12*1.02,0) -> 78138 | I12: =ROUND(H12*1.02,0) -> 79701 | J12: =SUM(E12:I12) -> 340228.58
A13: 6 | B13: New Somerset Hospital | C13: 40609 | D13: =ROUND(C13*1.02,0) -> 41421 | E13: =ROUND(D13*1.12,0)*(12-8)/12 -> 15464 | F13: 47320 | G13: =ROUND(F13*1.02,0) -> 48266 | H13: =ROUND(G13*1.02,0) -> 49231 | I13: =ROUND(H13*1.02,0) -> 50216 | J13: =SUM(E13:I13) -> 210497
A14: 7 | B14: Paarl Hospital | C14: 65284 | D14: =ROUND(C14*1.02,0) -> 66590 | E14: =ROUND(D14*1.12,0)*(12-6)/12 -> 37290.5 | F14: 76073 | G14: =ROUND(F14*1.02,0) -> 77594 | H14: =ROUND(G14*1.02,0) -> 79146 | I14: =ROUND(H14*1.02,0) -> 80729 | J14: =SUM(E14:I14) -> 350832.5
A15: 8 | B15: Victoria Hospital | C15: 41165 | D15: =ROUND(C15*1.02,0) -> 41988 | E15: =ROUND(D15*1.12,0)*(12-7)/12 -> 19594.583 | F15: 47968 | G15: =ROUND(F15*1.02,0) -> 48927 | H15: =ROUND(G15*1.02,0) -> 49906 | I15: =ROUND(H15*1.02,0) -> 50904 | J15: =SUM(E15:I15) -> 217299.58
A16: 9 | B16: Worcester Hospital | C16: 55518 | D16: =ROUND(C16*1.02,0) -> 56628 | E16: =ROUND(D16*1.12,0)*(12-6)/12 -> 31711.5 | F16: 64691 | G16: =ROUND(F16*1.02,0) -> 65985 | H16: =ROUND(G16*1.02,0) -> 67305 | I16: =ROUND(H16*1.02,0) -> 68651 | J16: =SUM(E16:I16) -> 298343.5
A17: 10 | B17: Brewelskloof Hospital | C17: 1808 | D17: =ROUND(C17*1.02,0) -> 1844 | E17: =ROUND(D17*1.12,0)*(12-8)/12 -> 688.33333 | F17: 2106 | G17: =ROUND(F17*1.02,0) -> 2148 | H17: =ROUND(G17*1.02,0) -> 2191 | I17: =ROUND(H17*1.02,0) -> 2235 | J17: =SUM(E17:I17) -> 9368.3333
B19: Phase 1 Enterprise PACS-RIS-VNA | E19: =SUM(E8:E17) -> 237384.33 | F19: =SUM(F8:F17) -> 530762 | G19: =SUM(G8:G17) -> 541377 | H19: =SUM(H8:H17) -> 552205 | I19: =SUM(I8:I17) -> 563249 | J19: =SUM(E19:I19) -> 2424977.3
G21: Bid Period
E22: Year 1 | F22: Year 2 | G22: Year 3 | H22: Year 4 | I22: Year 5
B23: On boarding The Primary Facilities | C23: Studies 2022 | D23: Studies 2023 | E23: Studies 2024 | F23: Studies 2025 | G23: Studies 2026 | H23: Studies 2027 | I23: Studies 2028 | J23: Bid period totals
A24: 1 | B24: Alan Blyth Hospital | C24: 4184 | D24: =ROUND(C24*1.02,0) -> 4268 | E24: =ROUND(D24*1.02,0) -> 4353 | F24: =ROUND(E24*1.02,0) -> 4440 | G24: =ROUND(F24*1.02,0) -> 4529 | H24: =ROUND(G24*1.02,0) -> 4620 | I24: =ROUND(H24*1.02,0) -> 4712 | J24: =SUM(G24:I24) -> 13861
A25: 2 | B25: Beaufort West Hospital | C25: 15563 | D25: =ROUND(C25*1.02,0) -> 15874 | E25: =ROUND(D25*1.02,0) -> 16191 | F25: =ROUND(E25*1.02,0) -> 16515 | G25: =ROUND(F25*1.02,0) -> 16845 | H25: =ROUND(G25*1.02,0) -> 17182 | I25: =ROUND(H25*1.02,0) -> 17526 | J25: =SUM(G25:I25) -> 51553
A26: 3 | B26: Bellville South CDC | C26: 1886 | D26: =ROUND(C26*1.02,0) -> 1924 | E26: =ROUND(D26*1.02,0) -> 1962 | F26: =ROUND(E26*1.02,0) -> 2001 | G26: =ROUND(F26*1.02,0) -> 2041 | H26: =ROUND(G26*1.02,0) -> 2082 | I26: =ROUND(H26*1.02,0) -> 2124 | J26: =SUM(G26:I26) -> 6247
A27: 4 | B27: Bishop Lavis CDC | C27: 8490 | D27: =ROUND(C27*1.02,0) -> 8660 | E27: =ROUND(D27*1.02,0) -> 8833 | F27: =ROUND(E27*1.02,0) -> 9010 | G27: =ROUND(F27*1.02,0) -> 9190 | H27: =ROUND(G27*1.02,0) -> 9374 | I27: =ROUND(H27*1.02,0) -> 9561 | J27: =SUM(G27:I27) -> 28125
A28: 5 | B28: Brackengate Intermediate Care Facility | C28: 163 | D28: =ROUND(C28*1.02,0) -> 166 | E28: =ROUND(D28*1.02,0) -> 169 | F28: =ROUND(E28*1.02,0) -> 172 | G28: =ROUND(F28*1.02,0) -> 175 | H28: =ROUND(G28*1.02,0) -> 179 | I28: =ROUND(H28*1.02,0) -> 183 | J28: =SUM(G28:I28) -> 537
A29: 6 | B29: Brooklyn Chest Hospital | C29: 1884 | D29: =ROUND(C29*1.02,0) -> 1922 | E29: =ROUND(D29*1.02,0) -> 1960 | F29: =ROUND(E29*1.02,0) -> 1999 | G29: =ROUND(F29*1.02,0) -> 2039 | H29: =ROUND(G29*1.02,0) -> 2080 | I29: =ROUND(H29*1.02,0) -> 2122 | J29: =SUM(G29:I29) -> 6241
A30: 7 | B30: Caledon Hospital | C30: 11085 | D30: =ROUND(C30*1.02,0) -> 11307 | E30: =ROUND(D30*1.02,0) -> 11533 | F30: =ROUND(E30*1.02,0) -> 11764 | G30: =ROUND(F30*1.02,0) -> 11999 | H30: =ROUND(G30*1.02,0) -> 12239 | I30: =ROUND(H30*1.02,0) -> 12484 | J30: =SUM(G30:I30) -> 36722
A31: 8 | B31: Ceres Hospital | C31: 15149 | D31: =ROUND(C31*1.02,0) -> 15452 | E31: =ROUND(D31*1.02,0) -> 15761 | F31: =ROUND(E31*1.02,0) -> 16076 | G31: =ROUND(F31*1.02,0) -> 16398 | H31: =ROUND(G31*1.02,0) -> 16726 | I31: =ROUND(H31*1.02,0) -> 17061 | J31: =SUM(G31:I31) -> 50185
A32: 9 | B32: Citrusdal Hospital | C32: 2309 | D32: =ROUND(C32*1.02,0) -> 2355 | E32: =ROUND(D32*1.02,0) -> 2402 | F32: =ROUND(E32*1.02,0) -> 2450 | G32: =ROUND(F32*1.02,0) -> 2499 | H32: =ROUND(G32*1.02,0) -> 2549 | I32: =ROUND(H32*1.02,0) -> 2600 | J32: =SUM(G32:I32) -> 7648
A33: 10 | B33: Clanwilliam Hospital | C33: 4617 | D33: =ROUND(C33*1.02,0) -> 4709 | E33: =ROUND(D33*1.02,0) -> 4803 | F33: =ROUND(E33*1.02,0) -> 4899 | G33: =ROUND(F33*1.02,0) -> 4997 | H33: =ROUND(G33*1.02,0) -> 5097 | I33: =ROUND(H33*1.02,0) -> 5199 | J33: =SUM(G33:I33) -> 15293
A34: 11 | B34: Crossroads CDC | C34: 1378 | D34: =ROUND(C34*1.02,0) -> 1406 | E34: =ROUND(D34*1.02,0) -> 1434 | F34: =ROUND(E34*1.02,0) -> 1463 | G34: =ROUND(F34*1.02,0) -> 1492 | H34: =ROUND(G34*1.02,0) -> 1522 | I34: =ROUND(H34*1.02,0) -> 1552 | J34: =SUM(G34:I34) -> 4566
A35: 12 | B35: Delft CHC | C35: 21253 | D35: =ROUND(C35*1.02,0) -> 21678 | E35: =ROUND(D35*1.02,0) -> 22112 | F35: =ROUND(E35*1.02,0) -> 22554 | G35: =ROUND(F35*1.02,0) -> 23005 | H35: =ROUND(G35*1.02,0) -> 23465 | I35: =ROUND(H35*1.02,0) -> 23934 | J35: =SUM(G35:I35) -> 70404
... A85: 62 | B85: Western Cape Rehabilitation Centre | C85: 1228 | D85: =ROUND(C85*1.02,0) -> 1253 | E85: =ROUND(D85*1.02,0) -> 1278 | F85: =ROUND(E85*1.02,0) -> 1304 | G85: =ROUND(F85*1.02,0) -> 1330 | H85: =ROUND(G85*1.02,0) -> 1357 | I85: =ROUND(H85*1.02,0) -> 1384 | J85: =SUM(G85:I85) -> 4071
B87: Enterprise PACS-RIS-VNA | C87: =SUM(C24:C86) -> 622047 | D87: =SUM(D24:D86) -> 634490 | E87: =SUM(E24:E86) -> 647176 | F87: =SUM(F24:F86) -> 660121 | G87: =SUM(G24:G86) -> 673322 | H87: =SUM(H24:H86) -> 686793 | I87: =SUM(I24:I86) -> 700528 | J87: =SUM(G87:I87) -> 2060643
E89: Year 1 | F89: Year 2 | G89: Year 3 | H89: Year 4 | I89: Year 5
B90: On boarding The Central Hospitals | C90: Studies 2022 | D90: Studies 2023 | E90: Studies 2024 | F90: Studies 2025 | G90: Studies 2026 | H90: Studies 2027 | I90: Studies 2028
A91: 1 | B91: Groote Schuur Hospital | C91: 159940 | D91: =ROUND(C91*1.02,0) -> 163139 | E91: =ROUND(D91*1.02,0) -> 166402 | F91: =ROUND(E91*1.02,0) -> 169730 | G91: =ROUND(F91*1.02,0) -> 173125 | H91: =ROUND(G91*1.02,0) -> 176588 | I91: =ROUND(H91*1.02,0) -> 180120
A92: 2 | B92: Red Cross War Memorial Children's Hospital | C92: 31426 | D92: =ROUND(C92*1.02,0) -> 32055 | E92: =ROUND(D92*1.02,0) -> 32696 | F92: =ROUND(E92*1.02,0) -> 33350 | G92: =ROUND(F92*1.02,0) -> 34017 | H92: =ROUND(G92*1.02,0) -> 34697 | I92: =ROUND(H92*1.02,0) -> 35391
A93: 3 | B93: Tygerberg Hospital | C93: 167452 | D93: =ROUND(C93*1.02,0) -> 170801 | E93: =ROUND(D93*1.02,0) -> 174217 | F93: =ROUND(E93*1.02,0) -> 177701 | G93: =ROUND(F93*1.02,0) -> 181255 | H93: =ROUND(G93*1.02,0) -> 184880 | I93: =ROUND(H93*1.02,0) -> 188578
B95: Enterprise PACS-RIS-VNA | C95: =SUM(C91:C93) -> 358818 | D95: =SUM(D91:D93) -> 365995 | E95: =SUM(E91:E93) -> 373315 | F95: =SUM(F91:F93) -> 380781 | G95: =SUM(G91:G93) -> 388397 | H95: =SUM(H91:H93) -> 396165 | I95: =SUM(I91:I93) -> 404089 | J95: =SUM(E95:I95) -> 1942747
